 Dungeon Crawl Stone Soup version 0.31.0-32-g396128a36d (webtiles) character file.

Game seed: 13437190913545938296

0 moechan the Caller (level 1, 0/10 HPs)
             Began as a Deep Elf Summoner on Mar 28, 2024.
             Slain by a quokka (3 damage)
             ... on level 1 of the Dungeon.
             The game lasted 00:07:26 (84 turns).

moechan the Caller (Deep Elf Summoner)                Turns: 84, Time: 00:07:27

Health: 0/10       AC:  2    Str:  5    XL:     1   Next: 8%
Magic:  1/6        EV: 12    Int: 19    God:
Gold:   0          SH:  5    Dex: 15    Spells: 5/6 levels left

rFire   . . .        (no weapon)
rCold   . . .        (no shield)
rNeg    . . .        a - +0 robe
rPois   .            (no helmet)
rElec   .            (no cloak)
rCorr   .            (no gloves)
SInv    .            (no boots)
Will    .....        c - amulet of reflection
Stlth   ++           (no ring)
HPRegen 0.21/turn    (no ring)
MPRegen 0.10/turn

%: reflection
@: very slightly contaminated
A: no striking features
a: no special abilities


You were on level 1 of the Dungeon.
You visited 1 branch of the dungeon, and saw 1 of its levels.

Inventory:

Armour
 a - a +0 robe (worn)
Jewellery
 c - an amulet of reflection (around neck)
Potions
 b - a potion of magic


   Skills:
 + Level 2.4 Dodging
 + Level 2.4 Stealth
 + Level 3.0 Spellcasting
 + Level 4.4 Summonings


You had 5 spell levels left.
You knew the following spells:

 Your Spells              Type           Power      Damage    Failure   Level
a - Summon Small Mammal   Summ           76%        N/A       2%          1

Your spell library contained the following spells:

 Spells                   Type           Power      Damage    Failure   Level
 Call Imp                 Summ           38%        N/A       3%          2
 Call Canine Familiar     Summ           19%        N/A       8%          3
 Summon Blazeheart Golem  Fire/Summ      11%        N/A       52%         4
 Summon Lightning Spire   Summ/Air       11%        N/A       52%         4


Dungeon Overview and Level Annotations

Branches:
Dungeon (1/15)

Altars:


Message History

The quokka barely misses your bat.
Casting: Summon Small Mammal (safe; 2% risk of failure)
Press: ? - help, Q - select action Dir - look around, f - activate Your quokka disappears in a puff of smoke!
Your bat hits the quokka. The quokka bites your bat.
Your bat closely misses the quokka.
You swap places.
Your bat misses the quokka. The quokka bites your bat.
The ball python barely misses your bat. The ball python grabs your bat.
The ball python constricts your bat.
Your bat dies!
Your bat's corpse disappears in a puff of smoke!
There is a fountain of clear blue water here.
Casting: Summon Small Mammal (safe; 2% risk of failure)
Press: ? - help, Q - select action Dir - look around, f - activate Your bat hits the quokka but does no damage.
Casting: Summon Small Mammal (safe; 2% risk of failure)
Press: ? - help, Q - select action Dir - look around, f - activate You miscast Summon Small Mammal.
You are very lightly contaminated with residual magic.
Nothing appears to happen.
Your bat hits the quokka but does no damage.
The quokka barely misses your quokka.
You swap places.
Your quokka bites the quokka but does no damage.
The quokka closely misses you.
Casting: Summon Small Mammal (safe; 2% risk of failure)
Press: ? - help, Q - select action Dir - look around, f - activate Your quokka disappears in a puff of smoke!
The quokka barely misses you. What are your orders? t - Shout!
Orders for allies: a - Attack new target. r - Retreat! s - Stop attacking. g - Guard the area. f - Follow me.
Anything else - Cancel.
Gang up on whom?
Press: ? - help, Dir - move target, f - quokka
Aim: a quokka (severely wounded, ally target) Attack!
The quokka bites you.
You die...

.. . ###. .#. ##○♣.♣♣
... # #∩.♣♣.♣♣♣♣§.#
K. ###♣♣..⌠.⌠..♣☼#
... #...♣♣⌠...⌠♣♣☼#
.... #..♣.⌠..8..⌠§♣♣#
!.... ♣.b.......⌠♣.#
......##♣♣@.8.<.8...♣
#..†KSr⌠○......⌠.♣#
#....♣♣♣r..8..⌠♣♣.#
#.####♣§°⌠...⌠♣.○##
.. #§♣♣♣⌠.⌠..♣∩# ...
#§ ♣..♣♣♣.°# .. #
♣..♣...♣♣## .
##♣♣.♣♣. #..


You could see a quokka (ally target), a ball python, a kobold, a friendly bat
(summoned) and a friendly rat (summoned).

Vanquished Creatures (collateral kills)
  A frilled lizard (D:1)
1 creature vanquished.

Notes
Turn   | Place    | Note
-------+----------+-------------------------------------------
     0 | D:1      | moechan the Deep Elf Summoner began the quest for the Orb.
     0 | D:1      | Reached XP level 1. HP: 10/10 MP: 6/6
    84 | D:1      | Slain by a quokka

Illustrated notes

Levels and vault maps discovered:
D:1:      heliophobic_arrival_enchanted_forest, layout_rooms,
          serial_bayou_pond_b, minmay_misc_feat_square

Action                     || total
---------------------------++-------
  Melee: Unarmed           ||     3
   Cast: Summon Small Mamm ||     7
 Armour: Robe              ||     5
  Dodge: Dodged            ||     5
  Block: Other             ||     2
         Reflection        ||     1
